 Dungeon Crawl Stone Soup version 0.32-a0-841-g4648e6c457 (webtiles) character file.

Game seed: 13690358212878099375

569 Dordric the Grasshopper (level 7, 0/49 (50) HPs)
             Began as a Coglin Warper on Mar 25, 2024.
             Slain by Grinder (4 damage)
             ... while paralysed by Grinder
             ... on level 4 of the Dungeon on Mar 27, 2024.
             The game lasted 00:05:17 (3223 turns).

Dordric the Grasshopper (Coglin Warper)             Turns: 3223, Time: 00:05:17

HP:   0/49 (50)     AC: 16    Str: 11    XL:     7   Next: 33%
MP:   13/13         EV:  2    Int: 15    God:
Gold: 102           SH:  0    Dex: 16    Spells: 14/14 levels left

rFire   . . .        a - +0 falchion {Siegfried}
rCold   . . .        h - +1 short sword (protect) {Ishtar-belessa}
rNeg    . . .        n - +3 leather armour of Feikipn {rCorr Int+3}
rPois   .            (no helmet)
rElec   .            (no cloak)
rCorr   +            j - +2 pair of gloves
SInv    .            (no boots)
Will    .....        (amulet unavailable)
Stlth   +            (ring unavailable)
HPRegen 0.28/turn    (ring unavailable)
MPRegen 0.13/turn    (no gizmo)

%: no passive effects
@: paralysed, under a protective aura, lightly drained, revving
A: off-hand wielding, slow wielding, warmup strikes, no jewellery
a: Invent Gizmo


You were on level 4 of the Dungeon.
You visited 1 branch of the dungeon, and saw 4 of its levels.
You also visited: Sewer.

You collected 102 gold pieces.

Inventory:

Hand Weapons
 a - a +0 falchion (weapon) {Siegfried}
 e - a +0 dagger {Vicente}
 h - a +1 short sword of protection (offhand) {Ishtar-belessa}
Missiles
 d - 7 darts of dispersal (quivered)
Armour
 b - a +0 leather armour
 i - a +0 ring mail
 j - a +2 pair of gloves (worn)
 n - the +3 leather armour of Feikipn (worn) {rCorr Int+3}
   (You found it on level 3 of the Dungeon)

   Int+3:     It affects your intelligence (+3).
   rCorr:     It protects you from acid and corrosion.
Scrolls
 g - 2 scrolls of teleportation
 m - a scroll of vulnerability {unknown}
 p - a scroll of silence {unknown}
 q - a scroll of enchant weapon {unknown}
 s - 3 scrolls of poison {unknown}
 t - a scroll of acquirement {unknown}
Potions
 c - a potion of might {unknown}
 f - 3 potions of curing {unknown}
 k - 3 potions of haste
 l - 2 potions of attraction {unknown}
 o - a potion of heal wounds {unknown}
 r - a potion of cancellation {unknown}


   Skills:
 - Level 2.0 Fighting
 + Level 4.8 Long Blades
 - Level 0.8 Throwing
 - Level 0.8 Armour
 - Level 1.7 Dodging
 + Level 4.0 Spellcasting
 + Level 5.2 Translocations


You had 14 spell levels left.
You didn't know any spells.
Your spell library contained the following spells:

 Spells                   Type           Power      Damage    Failure   Level
 Blink                    Tloc           36%        N/A       4%          2
 Lesser Beckoning         Tloc           36%        N/A       4%          2
 Teleport Other           Tloc           18%        N/A       9%          3
 Manifold Assault         Tloc           18%        N/A       26%         4
 Ensorcelled Hibernation  Hex/Ice        6%         N/A       34%         2
 Fugue of the Fallen      Necr           3%         N/A       56%         3
 Ozocubu's Armour         Ice            3%         N/A       56%         3
 Passwall                 Erth           3%         N/A       56%         3
 Swiftness                Air            3%         N/A       56%         3
 Vhi's Electric Charge    Tloc/Air       20%        N/A       63%         4


Dungeon Overview and Level Annotations

Branches:
Dungeon (4/15)              Sewer (visited)
 Temple: D:4-7

Altars:

Shops:
D:2 =

Annotations:
D:4 Grinder


Innate Abilities, Weirdness & Mutations

You can wield a second weapon in your off-hand.
It takes a long time for you to wield or remove held weapons.
Your first few attacks do less damage.
You cannot equip rings or amulets.


Message History

You suddenly lose the ability to move!
Grinder hits you but does no damage.
Grinder says, "Just stop there for a second..."
Grinder hits you but does no damage. Grinder hits you.
You writhe in agony.
You can move again.
You closely miss Grinder with your +1 short sword of protection.
Grinder is heavily wounded.
You hit Grinder but do no damage. Grinder hits you.
You barely miss Grinder with your +1 short sword of protection.
Grinder is heavily wounded.
You barely miss Grinder with your +0 falchion.
Grinder hits you!
You writhe in agony.
You closely miss Grinder with your +0 falchion.
Grinder is heavily wounded.
You hit Grinder with your +1 short sword of protection.
Your weapon exudes an aura of protection.
Grinder hits you.
You writhe in agony.
* * * LOW HITPOINT WARNING * * *
You hit Grinder with your +0 falchion.
Grinder is heavily wounded.
You barely miss Grinder with your +1 short sword of protection.
Grinder gestures at you. Pain shoots through your body!
* * * LOW HITPOINT WARNING * * *
You hit Grinder with your +0 falchion.
Grinder is severely wounded.
You hit Grinder with your +1 short sword of protection.
Grinder gestures at you.
You suddenly lose the ability to move!
Grinder hits you.
* * * LOW HITPOINT WARNING * * *
You writhe in agony.
* * * LOW HITPOINT WARNING * * *
Grinder gestures at you. You resist with significant effort.
Grinder hits you but does no damage. Grinder hits you.
You die...
Grinder says, "Now the real fun starts!"

.. .. #....###........
................ ####
.#...# .........
##...#
.#...###........
#.....#)...##.....[..
. ##...@##..##......#
#.....5#..# #.....###
###.......# #.......#
###.....####...#...##
#.........##..###...#
#.............# ##...
#.....[.....### #....
#.............####...
#...........##..#....#


You could see Grinder.

Vanquished Creatures
  Sigmund (D:2)
  2 bullfrogs (Sewer)
  An orc priest (D:4)
  An orc wizard (D:4)
  Robin (D:2)
  5 adders
  8 river rats
  2 orcs (D:4)
  8 endoplasms
  2 giant cockroaches
  7 hobgoblins
  2 quokkas
  15 ball pythons
  5 bats
  4 frilled lizards
  10 goblins
  5 kobolds
  22 rats
101 creatures vanquished.

Notes
Turn   | Place    | Note
-------+----------+-------------------------------------------
     0 | D:1      | Dordric the Coglin Warper began the quest for the Orb.
     0 | D:1      | Reached XP level 1. HP: 16/16 MP: 3/3
   159 | D:1      | Found a faded altar of an unknown god.
   169 | D:1      | Reached XP level 2. HP: 22/22 MP: 5/5
   712 | D:2      | Reached XP level 3. HP: 14/27 MP: 6/6
   859 | D:2      | Found Rutwaf's Jewellery Shop.
  1099 | D:2      | Noticed Robin
  1496 | D:2      | Reached XP level 4. HP: 32/33 MP: 7/7
  1530 | D:2      | Killed Robin
  1551 | D:2      | Noticed Sigmund
  1579 | D:2      | Killed Sigmund
  1580 | D:2      | Reached skill level 4 in Translocations
  1580 | D:2      | Reached XP level 5. HP: 20/38 MP: 7/9
  1580 | D:2      | Reached XP level 6. HP: 23/44 MP: 7/10
  1922 | D:3      | Identified the +3 leather armour of Feikipn {rCorr Int+3}
  1950 | D:3      | Upgraded the game from 0.32-a0-818-gb728d0252e to
                  | 0.32-a0-841-g4648e6c457
  2216 | D:3      | Found a glowing drain.
  2221 | Sewer    | Entered a sewer
  2730 | Sewer    | Reached skill level 5 in Translocations
  2730 | Sewer    | Reached XP level 7. HP: 22/50 MP: 12/12
  3198 | D:4      | Noticed Grinder
  3211 | D:4      | Paralysed by Grinder for 4 turns
  3219 | D:4      | Paralysed by Grinder for 5 turns
  3223 | D:4      | Slain by Grinder

Illustrated notes

Levels and vault maps discovered:
D:1:      tekkud_arrival_beachfront_property, layout_rooms,
          shapermc_ecumenical_altar_gd
D:2:      layout_basic, serial_shops, nicolae_shop_statue_plus,
          minmay_misc_feat_tiny, kennysheep_nondescript, minmay_misc_feat_rows,
          uniq_sigmund, uniq_robin
D:3:      layout_loops_ring, gup_sewer_entry_bowl
D:4:      layout_cave_pools, minmay_temple_entry_gardened_gates, uniq_grinder

Skill      XL: |  1  2  3  4  5  6  7 |
---------------+----------------------+-----
Spellcasting   | 2 3 4 |  4.0
Long Blades    | 3 4 |  4.8
Translocations | 4 5 |  5.2
Fighting       | |  2.0
Throwing       | |  0.8
Armour         | |  0.8
Dodging        | |  1.7

Action                     |  1- 3 |  4- 6 |  7- 9 || total
---------------------------+-------+-------+-------++-------
  Melee: Falchion          |   103 |   201 |    29 ||   333
         Dagger            |    65 |       |       ||    65
         Short sword       |       |   151 |    34 ||   185
    Use: Scroll            |       |     1 |     1 ||     2
         Potion            |       |       |     1 ||     1
 Armour: Leather armour    |    11 |   219 |    26 ||   256
         Ring mail         |   108 |    21 |       ||   129
  Dodge: Dodged            |    95 |   179 |    11 ||   285

Table legend: (Time is in decaauts)
 A = Elapsed time spent in this place.
 B = Non-inter-level travel time spent in this place.
 C = Inter-level travel time spent in this place.
 D = Time resting spent in this place.
 E = Time spent auto-exploring this place.
 F = Levels seen in this place.
 G = Mean time per level.
                   A        B        C        D        E       F      G
               +--------+--------+--------+--------+--------+-----+--------+
         Total |   3279 |   3154 |    125 |    296 |   2062 |   5 |  655.8 |
       Dungeon |   2584 |   2459 |    125 |    296 |   1598 |   4 |  646.0 |
         Sewer |    695 |    695 |      0 |      0 |    464 |   1 |  695.0 |
               +--------+--------+--------+--------+--------+-----+--------+

Top non-repeatable levels by time:
     D:1: 974 daAuts
     D:2: 952 daAuts
   Sewer: 695 daAuts
     D:3: 593 daAuts
     D:4: 63 daAuts
